 Dungeon Crawl Stone Soup version 0.15-a0-861-g2f358d9 (webtiles) character file.

115 PolkaDot the Sneak (level 4, -3/33 HPs)
             Began as a Vampire Assassin on May 16, 2014.
             Slain by Fizybubbleh's ghost (10 damage)
             ... on Level 4 of the Dungeon.
             The game lasted 00:12:32 (2100 turns).

PolkaDot the Sneak (Vampire Assassin)               Turns: 2100, Time: 00:12:32

HP  -3/33        AC  8     Str 15      XL: 4   Next: 68%
MP   4/4         EV 13     Int 13      God:
Gold 84          SH  0     Dex 16      Spells:  1 memorised,  0 levels left

rFire  . . .     SeeInvis +     a - +2 dagger
rCold  . . .     Clarity  +     c - +0 robe
rNeg   . . .     Conserve .     (no shield)
rPois  .         rCorr    .     o - +2 helmet
rElec  .         rRot     .     h - +0 cloak
SustAb .         Spirit   .     (no gloves)
rMut   .         Warding  .     (no boots)
Gourm  .         Rnd*Tele +     p - amulet of clarity
MR     ++...                    v - ring of protection from magic
                                r - cursed +4,+5 ring of slaying

@: regenerating quickly, mighty, very resistant to hostile enchantments,
stealthy
A: fangs 3, yellow scales 1, see invisible, magic resistance 1, teleportitis 1,
unbreathing
a: no special abilities


You were on level 4 of the Dungeon.
You were full.

You visited 1 branch of the dungeon, and saw 4 of its levels.

You collected 84 gold pieces.

Inventory:

Hand weapons
 a - a +2,+2 dagger (weapon)
 b - a +0 blowgun
Missiles
 e - 8 poisoned needles
 f - 2 curare-tipped needles
Armour
 c - a +0 robe (worn)
 h - a +0 cloak (worn)
 o - a +2 helmet (worn)
Scrolls
 g - 3 scrolls of enchant armour {unknown}
 i - 2 scrolls of remove curse
 k - a scroll of identify
 m - a scroll of recharging {unknown}
 t - a scroll of enchant weapon II {unknown}
 u - a scroll of enchant weapon I {unknown}
Jewellery
 p - an amulet of clarity (around neck)
 r - a cursed +4,+5 ring of slaying (left hand)
 v - a ring of protection from magic (right hand)
Books
 n - a book of Hinderance

   Spells                             Type                      Level
   Confusing Touch                    Hexes                        1
   *Confuse                           Hexes                        3
   Petrify                            Transmutation/Earth          4
   Leda's Liquefaction                Hexes/Earth                  4
   Metabolic Englaciation             Hexes/Ice                    5
   Summon Mana Viper                  Hexes/Summoning              5
 s - a book of Burglary

   Spells                             Type                      Level
   Swiftness                          Charms/Air                   2
   Passwall                           Transmutation/Earth          3
   Passage of Golubria                Translocation                4
   Lee's Rapid Deconstruction         Earth                        5
   Invisibility                       Hexes                        6
   Darkness                           Hexes                        7


   Skills:
 - Level 1.7 Fighting
 + Level 3.2 Short Blades
 - Level 1.5 Throwing
 - Level 2.1 Dodging
 + Level 7.7 Stealth
 * Level 1.9 Hexes


You couldn't memorise any spells.
You knew the following spells:

 Your Spells              Type           Power        Failure   Level  Hunger
c - Confuse               Hex            #.......     52%         3    ####...


Dungeon Overview and Level Annotations

Branches:
Dungeon (4/15)
 Temple: D:4-7

Altars:

Annotations:
D:4 Fizybubbleh's ghost, average GrMo


Innate Abilities, Weirdness & Mutations

Your natural rate of healing is unusually fast.
You have razor-sharp teeth.*
You have supernaturally acute eyesight.
You can survive without breathing.*
You are partially covered in yellow scales (AC +2).*
You are resistant to hostile enchantments.+ Space occasionally distorts in your vicinity.+


Message History

Fizybubbleh's ghost is moderately damaged.
Fizybubbleh's ghost hits you!
* * * LOW HITPOINT WARNING * * *
Read which item? (? for menu, Esc to quit)
Okay, then.
Read which item? (? for menu, Esc to quit)
Okay, then.
Fizybubbleh's ghost assumes a wrestling stance.
Press: ? - help, v - describe, . - travel
Here: Fizybubbleh's ghost (lightly damaged)
The floor.
Sorry, you're too full to transform right now.
Unknown command.
Read which item? (? for menu, Esc to quit)
As you read the scroll labeled VEASSI XOYGA, it crumbles to dust.
It is a scroll of identify.
Identify which item? (\ to view known items) (? for menu, Esc to quit)
i - 2 scrolls of remove curse Fizybubbleh's ghost hits you!
You die...

#.#########
#........[.
#.########.
#.#
#.######.#
#.........
#.######.#
#.# #@# #W#
#.# #.# #.#
#.# #.# #.#
#.#


You could see Fizybubbleh's ghost.

Vanquished Creatures
  3 giant mites (D:2)
  4 adders
  A giant gecko (D:2)
  An ooze (D:2)
  2 ball pythons
  5 giant cockroaches
  11 hobgoblins
  2 jackals (D:2)
  8 kobolds
  2 quokkas
  5 bats
  7 giant newts
  4 goblins
  5 rats
60 creatures vanquished.

Notes
Turn   | Place    | Note
--------------------------------------------------------------
     0 | D:1      | PolkaDot, the Vampire Assassin, began the quest for the Orb.
     0 | D:1      | Reached XP level 1. HP: 16/16 MP: 1/1
   316 | D:1      | Reached skill level 6 in Stealth
   591 | D:1      | Reached XP level 2. HP: 20/22 MP: 2/2
   850 | D:2      | Reached XP level 3. HP: 27/27 MP: 3/3
   982 | D:2      | Reached skill level 7 in Stealth
  1393 | D:2      | Reached XP level 4. HP: 28/33 MP: 4/4
  1518 | D:3      | Learned a level 3 spell: Confuse
  1562 | D:3      | Reached skill level 1 in Hexes
  2067 | D:4      | Noticed Fizybubbleh's ghost (average GrMo)
  2078 | D:4      | Gained mutation: You are partially covered in yellow scales (AC +2). [potion of mutation]
  2078 | D:4      | Gained mutation: Space occasionally distorts in your vicinity. [potion of mutation]
  2078 | D:4      | Gained mutation: You are resistant to hostile enchantments. [potion of mutation]
  2100 | D:4      | Slain by Fizybubbleh's ghost

Action                   |  1- 3 |  4- 6 || total
-------------------------+-------+-------++-------
Melee: Dagger            |   137 |    38 ||   175
  Use: Potion            |     1 |     4 ||     5
       Scroll            |       |     1 ||     1
 Stab: Sleeping          |    10 |     9 ||    19
